 Seeded DCSS version 0.30.1-11-g7821555f0a (webtiles) character file.

Game seed: 5129858224507802926 (custom seed)

1764 Psyclone the Destroyer (level 8, -1/62 HPs)
             Began as a Purple Draconian Conjurer on Nov 13, 2023.
             Slain by Pikel
             ... wielding a +0 whip of electrocution
              (8 damage)
             ... on level 5 of the Dungeon.
             The game lasted 00:05:04 (3374 turns).

Psyclone the Destroyer (Purple Draconian Conjurer)  Turns: 3374, Time: 00:05:05

Health: -1/62      AC:  6    Str:  7    XL:     8   Next: 79%
Magic:  2/19       EV: 12    Int: 28    God:
Gold:   171        SH:  0    Dex:  9    Spells: 19/22 levels left

rFire   + + .        f - +0 flail
rCold   . . .        (no shield)
rNeg    . . .        (body armour unavailable)
rPois   .            (helmet restricted)
rElec   .            (no cloak)
rCorr   .            (no gloves)
SInv    .            (no boots)
Will    +....        (no amulet)
Stlth   ++           (no ring)
HPRegen 0.30/turn    (no ring)
MPRegen 0.16/turn

%: clarity
@: no status effects
A: breathe power, AC +6, unfitting armour, cold-blooded, horns 1, clarity,
clever 2, fire resistance 2, robust 1, wild magic 1
a: Breathe Dispelling Energy


You were on level 5 of the Dungeon.
You visited 1 branch of the dungeon, and saw 6 of its levels.

You collected 171 gold pieces.

Inventory:

Hand Weapons
 f - a +0 flail (weapon)
Scrolls
 b - 3 scrolls of fear {unknown}
 c - a scroll of amnesia {unknown}
 d - a scroll of vulnerability {unknown}
 h - 2 scrolls of identify {unknown}
Potions
 a - a potion of magic
 e - a potion of mutation
 g - a potion of haste {unknown}


   Skills:
 - Level 1.7 Dodging
 - Level 1.7 Stealth
 + Level 7.5 Spellcasting
 * Level 10.1 Conjurations


You had 19 spell levels left.
You knew the following spells:

 Your Spells              Type           Power      Damage    Failure   Level
a - Magic Dart            Conj           100%       1d8       1%          1
b - Searing Ray           Conj           100%       2d8       1%          2

Your spell library contained the following spells:

 Spells                   Type           Power      Damage    Failure   Level
 Dazzling Flash           Conj/Hex       100%       N/A       3%          3
 Fulminant Prism          Conj/Hex       25%        3d14      10%         4
 Iskenderun's Mystic Bla  Conj/Tloc      50%        2d11      10%         4


Dungeon Overview and Level Annotations

Branches:
Dungeon (6/15) Zot: 26974  Temple (0/1) D:4

Altars:
Cheibriados
Elyvilon

Shops:
D:2 =

Annotations:
D:5 5 runed translucent doors, Pikel


Innate Abilities, Weirdness & Mutations

You can breathe bolts of dispelling energy.
Your rich purple scales are hard. (AC +6)
You cannot fit into any form of body armour.
You are cold-blooded and may be slowed by cold attacks.
You have a pair of small horns on your head.
You possess an exceptional clarity of mind.
Your mind is very acute. (Int +8, Str/Dex -2)
Your flesh is very heat resistant. (rF++)
You are robust. (+10% HP)
Your spells are a little harder to cast, but a little more powerful.


Message History

The lemure attacks as you move away! The lemure hits you.
* * * LOW HITPOINT WARNING * * *
Pikel hits you with a +0 whip of electrocution.
* * * LOW HITPOINT WARNING * * *
The lemure hits you!
* * * LOW HITPOINT WARNING * * *
You take 13 damage, and have 6/62 hp.
MASSIVE DAMAGE!!
The lemure attacks as you move away! The lemure closely misses you.
Pikel closely misses you. Pikel attacks as you move away!
Pikel hits you but does no damage. The lemure attacks as you move away!
The lemure hits you.
* * * LOW HITPOINT WARNING * * *
You take 1 damage, and have 5/62 hp.
Casting: Searing Ray (safe; 1% risk of failure)
Confirm with . or Enter, or press ? or * to list all spells.
Aiming: Searing Ray (safe; 1% risk of failure)
Press: ? - help, Shift-Dir - straight line, f - Pikel
Aim: Pikel, wielding a +0 whip of electrocution and wearing a +0 robe (moderately wounded, 79% to hit)
The searing ray hits Pikel!
Pikel is heavily wounded.
The searing ray hits the lemure!
You kill the lemure!
That felt strangely unrewarding. (Press . to maintain the ray.)
You now have 5/19 mp.
The searing ray hits Pikel.
Pikel is heavily wounded.
The searing ray hits the lemure!
You kill the lemure!
That felt strangely unrewarding.
You now have 4/19 mp.
The searing ray hits Pikel!
Pikel is almost dead.
Pikel barely misses you.
You now have 3/19 mp.
The searing ray hits Pikel but does no damage.
Pikel is almost dead.
You finish channelling your searing ray.
Pikel hits you with a +0 whip of electrocution!
You die...

# #...........####......## ####
#.###.#####.# ##.......## ...#
#.# #.# #.# #..≈≈.≈≈..#
##.#####.###.## #.###...≈.≈...#
##............####.....≈.....≈.##
.(...........>.....###.≈≈...≈≈..#
########.###..####.###...._.....#
#.# #..####.....≈≈...≈≈..#
########.# #...K@......≈.....≈..#
.........# ##.########...≈.≈....#
....###### #.# #..≈≈)≈≈...# ###.#
#.# #..........# #.#########.##
#.........## #........[...##
#.........#
#..####.......######.......#.#
#..# #.##.................#.# #
#..# #.###.#######........#.#


You could see Pikel.

Vanquished Creatures
  A troll (D:5)
  Eustachio (D:4)
  A water moccasin (D:5)
  An ice beast (D:5)
  2 black bears (D:5)
  3 ogres (D:5)
  A centaur (D:5)
  3 lemures
  4 scorpions (D:5)
  3 orc priests
  3 hounds (D:5)
  A sleepcap (D:5)
  3 iguanas
  2 orc wizards
  4 gnolls (D:5)
  5 adders (D:5)
  2 ufetubi (D:5)
  A dart slug (D:2)
  11 orcs
  2 bats (D:2)
  3 endoplasms
  7 goblins
  3 hobgoblins
  A quokka (D:2)
  3 ball pythons
  2 frilled lizards (D:3)
  A rat (D:1)
74 creatures vanquished.

Notes
Turn   | Place    | Note
-------+----------+-------------------------------------------
     0 | D:1      | Psyclone the Draconian Conjurer began the quest for the
                  | Orb.
     0 | D:1      | Reached XP level 1. HP: 14/14 MP: 3/3
   100 | D:2      | Gained mutation: Your flesh is heat resistant. (rF+)
                  | [potion of mutation]
   100 | D:2      | Gained mutation: You are robust. (+10% HP) [potion of
                  | mutation]
   100 | D:2      | Gained mutation: You have a beak for a mouth. [potion of
                  | mutation]
   100 | D:2      | Gained mutation: You passively dampen the noise of your
                  | surroundings. [potion of mutation]
   151 | D:2      | Found Zutuxkoi's Jewellery Shop.
   227 | D:2      | Lost mutation: You passively dampen the noise of your
                  | surroundings. [potion of mutation]
   227 | D:2      | Lost mutation: You have a beak for a mouth. [potion of
                  | mutation]
   227 | D:2      | Gained mutation: You have a pair of small antennae on your
                  | head. [potion of mutation]
   227 | D:2      | Gained mutation: Your spells are a little harder to cast,
                  | but a little more powerful. [potion of mutation]
   227 | D:2      | Gained mutation: Your flesh is very heat resistant. (rF++)
                  | [potion of mutation]
   227 | D:2      | Gained mutation: You are strong-willed. (Will+) [potion of
                  | mutation]
   289 | D:2      | Reached XP level 2. HP: 22/22 MP: 1/5
   391 | D:2      | Learned a level 2 spell: Searing Ray
   460 | D:3      | Reached XP level 3. HP: 19/28 MP: 1/6
   461 | D:3      | Reached skill level 5 in Conjurations
   461 | D:3      | Reached XP level 4. HP: 24/36 MP: 0/8
   541 | D:3      | Lost mutation: You are strong-willed. (Will+) [potion of
                  | mutation]
   541 | D:3      | Lost mutation: You have a pair of small antennae on your
                  | head. [potion of mutation]
   541 | D:3      | Gained mutation: You have a pair of small horns on your
                  | head. [potion of mutation]
   541 | D:3      | Gained mutation: You have hidden genetic potential. [potion
                  | of mutation]
   654 | D:4      | Found a staircase to the Ecumenical Temple.
   731 | D:4      | Found a white marble altar of Elyvilon.
   747 | D:4      | Reached XP level 5. HP: 31/41 MP: 0/9
   763 | D:4      | Gained mutation: You have great hidden genetic potential.
                  | [hidden potential]
   872 | D:4      | Noticed Eustachio
   893 | D:4      | Killed Eustachio
   894 | D:4      | Reached skill level 6 in Conjurations
   894 | D:4      | Reached XP level 6. HP: 34/49 MP: 5/11
   899 | D:4      | Gained mutation: Your mind is acute. (Int +4, Str/Dex -1)
                  | [hidden potential]
   899 | D:4      | Lost mutation: You have great hidden genetic potential.
                  | [hidden potential expressed]
   998 | D:5      | Entered Level 5 of the Dungeon
  1075 | D:5      | Found the +9 staff of Olgreb {rPois∞}
  1080 | D:5      | Noticed a water moccasin
  1082 | D:5      | Reached skill level 7 in Conjurations
  1086 | D:5      | Killed a water moccasin
  1087 | D:5      | Your scales start taking on a rich purple colour.
  1087 | D:5      | Reached skill level 5 in Spellcasting
  1087 | D:5      | Reached XP level 7. HP: 30/55 MP: 3/14
  1220 | D:5      | Gained mutation: Your mind is very acute. (Int +8, Str/Dex
                  | -2) [hidden potential]
  1345 | D:5      | Reached skill level 8 in Conjurations
  1724 | D:5      | Found a snail-covered altar of Cheibriados.
  1731 | D:5      | Reached XP level 8. HP: 62/62 MP: 10/17
  1837 | D:5      | Noticed a troll
  1856 | D:5      | Killed a troll
  1857 | D:5      | Reached skill level 9 in Conjurations
  1858 | D:5      | Gained mutation: You possess an exceptional clarity of
                  | mind. [hidden potential]
  1858 | D:5      | Lost mutation: You have hidden genetic potential. [hidden
                  | potential expressed]
  2129 | D:5      | Reached skill level 10 in Conjurations
  2498 | D:5      | Found a runed translucent door.
  2528 | D:5      | Found a runed translucent door.
  2536 | D:5      | Found a runed translucent gate.
  2536 | D:5      | Found a runed translucent gate.
  2552 | D:5      | Found a runed translucent gate.
  3350 | D:6      | Noticed Pikel
  3374 | D:5      | Slain by Pikel

Illustrated notes

Levels and vault maps discovered:
D:1:      saegor_arrival_simple_c, layout_rooms, serial_shops, shop,
          kennysheep_nondescript, minmay_misc_feat_ornament
D:2:      layout_basic, serial_shops, nicolae_shop_tiny_statue_garden,
          nicolae_shop_scrapyard, shop, shop
D:3:      layout_loops_ring
D:4:      layout_rooms, elyvilon_altar_1, minmay_temple_entry_trees,
          uniq_eustachio
D:5:      minmay_chambers_of_threes, layout_loops_ring,
          mainiacjoe_overflow_small_starburst,
          minmay_guarded_unrand_staff_of_olgreb
D:6:      layout_loops_cross, uniq_maggie, uniq_sigmund, uniq_blork_the_orc,
          uniq_grinder, uniq_pikel

Skill      XL: |  1  2  3  4  5  6  7  8 |
---------------+-------------------------+-----
Conjurations   | 5 6 7 8 10 | 10.1
Spellcasting   | 3 5 6 7 |  7.5
Dodging        | |  1.7
Stealth        | |  1.7

Action                     |  1- 3 |  4- 6 |  7- 9 || total
---------------------------+-------+-------+-------++-------
  Melee: Flail             |       |     6 |     5 ||    11
         Headbutt          |       |     2 |     1 ||     3
   Cast: Magic Dart        |    17 |     9 |    36 ||    62
         Searing Ray       |     1 |    11 |    28 ||    40
    Use: Potion            |     2 |     2 |       ||     4
 Armour: Skin              |     2 |     2 |    30 ||    34
  Dodge: Dodged            |     2 |    13 |    46 ||    61
